 Dungeon Crawl Stone Soup version 0.18-a0-739-gdae9da8 (webtiles) character file.

7 4thArraOfDagon the Gusty (level 1, -14/14 HPs)
             Began as a Centaur Air Elementalist on Dec 10, 2015.
             Demolished by an ogre
             ... wielding a +0 giant club
              (23 damage)
             ... on level 5 of the Dungeon.
             The game lasted 00:01:53 (273 turns).

4thArraOfDagon the Gusty (Centaur Air Elementalist)  Turns: 273, Time: 00:01:53

Health: -14/14     AC:  4    Str: 10    XL:     1   Next: 83%
Magic:  3/3        EV: 15    Int: 14    God:
Gold:   25         SH:  0    Dex: 14    Spells: 1 memorised, 2 levels left

rFire  . . .     SeeInvis .     h - +2 quarterstaff (speed)
rCold  . . .     Clarity  .     a - +0 robe
rNeg   . . .     SustAt   .     (shield currently unavailable)
rPois  .         Gourm    +     (no helmet)
rElec  .         Spirit   .     (no cloak)
rCorr  .         Dismiss  .     (no gloves)
rMut   .         Stasis   .     (no barding)
MR     .....                    f - amulet of the gourmand
Stlth  ++........               (no ring)
                                (no ring)

@: agile, very quick, not resistant to hostile enchantments, unstealthy
A: hooves 3, deformed body, speed 2, tough skin 3
a: no special abilities


You were on level 5 of the Dungeon.
You were not hungry.

You visited 1 branch of the dungeon, and saw 5 of its levels.

You collected 25 gold pieces.

Inventory:

Hand Weapons
 h - a +2 quarterstaff of speed (weapon)
Armour
 a - a +0 robe (worn)
Jewellery
 f - an amulet of the gourmand (around neck)
Scrolls
 d - a scroll of noise {unknown}
 e - 2 scrolls of random uselessness {unknown}
 i - a scroll of teleportation {unknown}
Books
 b - a book of Air

   Spells                             Type                      Level
   a - Shock                          Conjuration/Air              1
   b - Swiftness                      Charms/Air                   2
   c - Repel Missiles                 Charms/Air                   2
   d - Static Discharge               Conjuration/Air              3
   e - Lightning Bolt                 Conjuration/Air              5
Comestibles
 c - a bread ration


   Skills:
 * Level 0.1 Staves
 - Level 1.3 Dodging
 - Level 1.2 Stealth
 - Level 1.5 Spellcasting
 * Level 1.3 Conjurations
 * Level 2.9 Air Magic


You had 2 spell levels left.
You knew the following spells:

 Your Spells              Type           Power        Failure   Level  Hunger
a - Shock                 Conj/Air       #...         12%         1    ##.....


Dungeon Overview and Level Annotations

Branches:
Dungeon (5/15)
 Temple: D:4-7

Altars:
Pakellas

Annotations:
D:3 Borgoz's ghost, amateur DrTm


Innate Abilities, Weirdness & Mutations

You have hooves in place of feet.
Armour fits poorly on your strangely shaped body.
You cover ground very quickly.
You have extremely tough skin (AC +3).


Message History

Found a stone staircase leading up.
Unknown command.
Unknown command.
You barely miss the jackal skeleton. The jackal skeleton closely misses you.
You sock the jackal skeleton!
You destroy the jackal skeleton!
Drink which item? (? for menu, Esc to quit)
Okay, then.
Drink which item? (? for menu, Esc to quit)
It was a potion of agility.
You feel agile all of a sudden.
You closely miss the ogre. You kick the ogre.
The ogre is lightly wounded.
The ogre barely misses you.
Unknown command.
You hit the ogre.
The ogre is moderately wounded.
The ogre hits you with a giant club!!
Ouch! That really hurt!
You die...

####.#....# #
..........#.#
........#.##
###.#.......#.
.
#.............
..#.#...<.##
...........#.#
#...........#
#.....@..####
...>#.#O#.#
........#.#
.......#$#
#...#.#....
.....<..### #
.###.# .. #.#


You could see an ogre.

Vanquished Creatures
  A hobgoblin (D:2)
  A jackal (D:3)
  2 bats
  A goblin (D:2)
  A jackal skeleton (D:5)
  A rat (D:2)
7 creatures vanquished.

Notes
Turn   | Place    | Note
--------------------------------------------------------------
     0 | D:1      | 4thArraOfDagon the Centaur Air Elementalist began the quest for the Orb.
     0 | D:1      | Reached XP level 1. HP: 14/14 MP: 3/3
    29 | D:2      | Reached skill level 1 in Conjurations
   165 | D:3      | Found an oddly glowing altar of Pakellas.
   165 | D:3      | Noticed Borgoz's ghost (amateur DrTm)
   261 | D:4      | Noticed a worker ant
   265 | D:5      | Entered Level 5 of the Dungeon
   266 | D:5      | Noticed an ogre
   273 | D:5      | Demolished by an ogre

Vault maps used:
D:1:      lightli_arrival_lavapool
D:2:      first_bread
D:3:      makhleb_altar_promises_db, hangedman_decor_diamond_cutter,
          serial_bayou_pond_d, grunt_pakellas_sulfur
D:4:      serial_shops, shop, kennysheep_cluttered_room

Action                   || total
-------------------------++-------
Melee: Quarterstaff      ||    15
       Unarmed           ||     5
 Cast: Shock             ||     6
  Use: Potion            ||     1
